 Dungeon Crawl Stone Soup version 0.32-a0-656-g3542139ebd (webtiles) character file.

Game seed: 15794736760824328360

4123 kae the Carver (level 10, 0/73 HPs)
             Began as a Coglin Gladiator on Mar 8, 2024.
             Was a Believer of Okawaru.
             Slain by a raiju (7 damage)
             ... on level 7 of the Dungeon.
             The game lasted 00:08:17 (8000 turns).

kae the Carver (Coglin Gladiator)                   Turns: 8000, Time: 00:08:17

Health: 0/73       AC:  7    Str: 14    XL:     10   Next: 27%
Magic:  12/12      EV: 12    Int:  9    God:    Okawaru [**....]
Gold:   470        SH:  0    Dex: 19    Spells: 7/9 levels left

rFire   . . .        a - +0 long sword {Tlaloc}
rCold   . . .        v - +0 dagger (elec) {Chiraphon}
rNeg    . . .        b - +0 leather armour
rPois   .            c - +0 helmet
rElec   .            (no cloak)
rCorr   .            (no gloves)
SInv    .            q - +2 pair of boots
Will    .....        (amulet unavailable)
Stlth   +            (ring unavailable)
HPRegen 0.32/turn    (ring unavailable)
MPRegen 0.13/turn    (no gizmo)

%: no passive effects
@: revved
A: off-hand wielding, slow wielding, warmup strikes, no jewellery
a: Invent Gizmo, Renounce Religion, Heroism


You were on level 7 of the Dungeon.
You worshipped Okawaru.
Okawaru was pleased with you.
You visited 1 branch of the dungeon, and saw 7 of its levels.
You also visited: Sewer.

You collected 470 gold pieces.


Innate Abilities, Weirdness & Mutations

You can wield a second weapon in your off-hand.
It takes a long time for you to wield or remove held weapons.
Your first few attacks do less damage.
You cannot equip rings or amulets.


   Skills:
 + Level 4.4 Fighting
 * Level 13.0 Long Blades
 - Level 1.7 Throwing
 + Level 3.4 Armour
 - Level 2.6 Dodging
 + Level 3.1 Invocations


You had 7 spell levels left.
You knew the following spells:

 Your Spells              Type           Power      Damage    Failure   Level
a - Lesser Beckoning      Tloc           0%         N/A       58%         2

Your spell library contained the following spells:

 Spells                   Type           Power      Damage    Failure   Level
 Magic Dart               Conj           0%         1d3       45%         1
 Mercury Vapours          Alch/Air       0%         N/A       58%         2
 Searing Ray              Conj           0%         2d4       58%         2
 Gell's Gravitas          Tloc           0%         N/A       83%         3
 Mephitic Cloud           Conj/Alch/Air  0%         N/A       83%         3
 Teleport Other           Tloc           0%         N/A       83%         3
 Fulminant Prism          Conj/Alch      0%         3d5       99%         4
 Freezing Cloud           Conj/Ice/Air   0%         6-21      100%        5

Inventory:

Hand Weapons
 a - a +0 long sword (weapon) {Tlaloc}
 f - a +0 dagger {Belshunu}
 v - a +0 dagger of electrocution (offhand) {Chiraphon}
   (You found it on level 3 of the Dungeon)
Missiles
 d - 4 throwing nets (quivered) {=f!f}
 e - a javelin
 h - 71 stones
 p - 9 boomerangs
 t - 6 silver javelins
 u - 18 poisoned darts
Armour
 b - a +0 leather armour (worn)
 c - a +0 helmet (worn)
 q - a +2 pair of boots (worn)
   (You found it in a sewer)
 A - a scarf of invisibility
   (You found it on level 6 of the Dungeon)
Magical Staves
 s - a staff of cold {!a}
   (You found it on level 2 of the Dungeon)
Jewellery
 k - an amulet of reflection
   (You found it on level 1 of the Dungeon)
 E - a +5 ring of evasion
   (You found it on level 6 of the Dungeon)
 O - a +4 ring of protection
   (You found it on level 6 of the Dungeon)
 T - an amulet of faith {!P}
   (You found it on level 5 of the Dungeon)
Wands
 w - a wand of iceblast (6)
   (You found it on level 6 of the Dungeon)
 y - a wand of quicksilver (7)
   (You found it on level 6 of the Dungeon)
 D - a wand of mindburst (16)
   (You found it on level 7 of the Dungeon)
Scrolls
 g - 2 scrolls of vulnerability {!r!r}
 B - a scroll of teleportation {@r4}
Potions
 i - 4 potions of curing {@q1}
 j - 4 potions of attraction {!q}
 l - a potion of degeneration {!q}
 m - 2 potions of resistance
 n - 2 potions of haste {@q3}
 o - 2 potions of might
 r - 3 potions of heal wounds {@q2}
 x - 2 potions of lignification {!q}
 z - a potion of cancellation
 C - a potion of berserk rage {unknown}

Dungeon Overview and Level Annotations

Branches:
Dungeon (7/15) Zot: 26215  Temple (0/1) D:7           Sewer (visited)

Altars:
Cheibriados
Dithmenos
Elyvilon
Gozag
Kikubaaqudgha
Nemelex Xobeh
Okawaru
Qazlal
Sif Muna
Uskayaw
Vehumet
Zin

Annotations:
D:6 2 transporters, 1 runed translucent door, Crazy Yiuf

####.......#...#.
#....###......##.
#....##.......###
#...####......##
#...##.#.......##
##.##.........###
###.#...........#.
#...........)...>.
#@h..............#
####...###.))....#
#≈~...~##.....#.#
#≈...~≈##.#..##.#
#≈S...~#####.##...
#~...~~# ##..##..
#≈~...~##
##...###. #S...S≈#
#....# ## #≈...≈~#
#....# #


You could see a raiju.


Message History

You hit the orc wizard but do no damage.
The orc wizard closely misses you. 😕 HP[+1]
An orc wizard is nearby!
You slash the orc wizard with your +0 long sword!
You hit the orc wizard but do no damage.
Lightning courses through the orc wizard!
You kill the orc wizard!
Okawaru accepts your kill.
No target in view!
Things that are here:
a +2 dagger of protection; a +0 robe; 😎 HP[+6]
Your hp is fully restored (73).
No target in view!
No target in view!
You now have 470 gold pieces (gained 14). 2 electric eels come into view.
There are monsters nearby!
There are monsters nearby!
A raiju comes into view.
The electric eel shoots out a bolt of lightning at you!
The bolt of electricity hits you!
The raiju barks!
You enter the shallow water.
Moving in this stuff is going to be slow.
The electric eel shoots out a bolt of lightning at you!
The bolt of electricity hits you.
There are monsters nearby!
The electric eel shoots out a bolt of lightning at you!
The bolt of electricity hits you!
An electric eel comes into view.
The electric eel shoots out a bolt of lightning at you!
The bolt of electricity hits you!
The electric eel shoots out a bolt of lightning at you!
The bolt of electricity hits you.
You are too injured to fight recklessly!
There are monsters nearby!
You are too injured to fight recklessly!
You are too injured to fight recklessly! 😮 HP[-30]
You take 30 damage, and now have 43/73 hp.
MASSIVE DAMAGE!! (PAUSE)
The electric eel shoots out a bolt of lightning at you!
The bolt of electricity hits the raiju.
The raiju completely resists.
The bolt of electricity hits you!
* * * LOW HITPOINT WARNING * * *
The electric eel shoots out a bolt of lightning at you!
The bolt of electricity hits you.
* * * LOW HITPOINT WARNING * * *
The raiju barks! 😨 HP[-17]
You take 17 damage, and now have 26/73 hp.
MASSIVE DAMAGE!! (PAUSE) 😨 HP[+1]
You feel much better. 😮 HP[+12]
You regained 12 hp, and now have 39/73 hp.
You miss the raiju with your +0 long sword.
You barely miss the raiju with your +0 dagger of electrocution.
The raiju bites you.
* * * LOW HITPOINT WARNING * * *
The raiju shocks you!
* * * LOW HITPOINT WARNING * * *
😨 HP[-13]
You take 13 damage, and now have 26/73 hp.
You hit the raiju but do no damage.
You hit the raiju with your +0 long sword.
The raiju bursts into living lightning!
The living lightning misses you.
The raiju blinks! 😨 HP[+1] Unknown command.
You hit the raiju with your +0 long sword.
You miss the raiju with your +0 dagger of electrocution.
You barely miss the raiju with your +0 long sword.
You hit the raiju but do no damage. The raiju bites you.
* * * LOW HITPOINT WARNING * * *
The raiju shocks you!
* * * LOW HITPOINT WARNING * * *
😱 HP[-9]
You take 9 damage, and now have 18/73 hp.
You barely miss the raiju with your +0 long sword.
You hit the raiju with your +0 dagger of electrocution.
The raiju bites you.
* * * LOW HITPOINT WARNING * * *
The raiju shocks you!
* * * LOW HITPOINT WARNING * * *
Unknown command. 😱 HP[-12]
You take 12 damage, and now have 6/73 hp.
You hit the raiju with your +0 dagger of electrocution.
You closely miss the raiju with your +0 long sword.
You hit the raiju but do no damage.
You closely miss the raiju with your +0 long sword.
The raiju barely misses you. 😱 HP[+1] Unknown command.
You hit the raiju but do no damage.
You hit the raiju with your +0 dagger of electrocution.
The raiju bites you!
You die...

Skill      XL: |  1  2  3  4  5  6  7  8  9 10 |
---------------+-------------------------------+-----
Long Blades    | 4 6 7 9 11 12 13 | 13.0
Armour         | 3 |  3.4
Invocations    | 3 |  3.1
Fighting       | 4 |  4.4
Throwing       | |  1.7
Dodging        | |  2.6

Action                     |  1- 3 |  4- 6 |  7- 9 | 10-12 || total
---------------------------+-------+-------+-------+-------++-------
  Melee: Dagger            |    84 |    78 |   315 |    30 ||   507
         Long sword        |    91 |    86 |   340 |    32 ||   549
 Invoke: Heroism           |       |       |     2 |       ||     2
  Evoke: Wand              |       |       |     3 |       ||     3
    Use: Scroll            |     2 |     6 |     4 |       ||    12
         Potion            |       |     2 |     3 |     1 ||     6
   Stab: Sleeping          |     1 |     1 |     2 |       ||     4
 Armour: Leather armour    |    58 |    48 |   170 |    20 ||   296
  Dodge: Dodged            |    75 |    57 |   211 |    13 ||   356

Levels and vault maps discovered:
D:1:      erik_arrival_cave_to_civilisation [erik_arrival_cave_to_hall],
          layout_basic, nicolae_kite_square_tiling_tiny, minmay_heptomino_l4
D:2:      layout_basic, basic_altar, shapermc_ecumenical_altar_mp_ritualfount
D:3:      layout_basic, mainiacjoe_overflow_catwalk,
          cheibrodos_sewer_entry_sluice, uniq_grinder, uniq_natasha
D:4:      layout_basic, grunt_temple_overflow_gold_and_silver,
          grunt_dithmenos_smoke_and_mirrors, cheibrodos_gnoll_hut,
          uniq_eustachio
D:5:      layout_layer_cave, chequers_temple_overflow_statue_of_worship,
          mainiacjoe_overflow_concentric_impassable, slow_altar_2,
          chequers_hall_statues_wall_a
D:6:      layout_layer_cave, elyvilon_altar_4, general_overflow_altar,
          kiku_gazebo_garden_becter, uniq_jeremiah, uniq_prince_ribbit1,
          uniq_crazy_yiuf_cottage
D:7:      layout_cave_pools, minmay_temple_entry_ruins,
          nicolae_have_a_lightning_rod

Notes
Turn   | Place    | Note
-------+----------+-------------------------------------------
     0 | D:1      | kae the Coglin Gladiator began the quest for the Orb.
     0 | D:1      | Reached XP level 1. HP: 16/16 MP: 1/1
     0 | D:1      | magus.rc [v1.11.3]
   119 | D:1      | Reached XP level 2. HP: 17/22 MP: 2/2
   365 | D:1      | Reached skill level 4 in Long Blades
   420 | D:1      | Reached XP level 3. HP: 27/27 MP: 3/3
   626 | D:1      | You pick up a book of Vapours and begin reading...
   626 | D:1      | You add the spells Mercury Vapours, Mephitic Cloud and
                  | Freezing Cloud to your library.
  1001 | D:2      | Found a glowing silver altar of Zin.
  1071 | D:2      | Reached XP level 4. HP: 32/33 MP: 4/4
  1137 | D:2      | Reached skill level 5 in Long Blades
  1225 | D:2      | Found a faded altar of an unknown god.
  1724 | D:3      | Noticed an ice beast
  1744 | D:3      | HP: 7/33 [ice beast (8)]
  1746 | D:3      | Killed an ice beast
  1746 | D:3      | HP: 2/33 [dart slug/slug dart (5)]
  1747 | D:3      | Reached skill level 6 in Long Blades
  1747 | D:3      | Reached XP level 5. HP: 3/38 MP: 5/5
  1810 | D:3      | Reached XP level 6. HP: 25/44 MP: 6/6
  1843 | D:3      | Found a glowing drain.
  1844 | D:3      | Noticed Grinder
  1858 | D:3      | HP: 9/44 [Grinder (5)]
  1859 | D:3      | Killed Grinder
  1860 | D:3      | Reached skill level 7 in Long Blades
  1860 | D:3      | Reached XP level 7. HP: 11/50 MP: 7/7
  1887 | Sewer    | Entered a sewer
  2028 | Sewer    | Reached skill level 8 in Long Blades
  2447 | D:3      | Noticed Natasha
  2459 | D:3      | Killed Natasha
  2765 | D:3      | Noticed Natasha
  2773 | D:3      | Killed Natasha
  2792 | D:3      | Noticed Natasha
  2802 | D:3      | Killed Natasha
  2876 | D:3      | Found a radiant altar of Vehumet.
  3198 | D:4      | Reached skill level 9 in Long Blades
  3298 | D:4      | Found a shadowy altar of Dithmenos.
  3368 | D:4      | Reached XP level 8. HP: 56/56 MP: 8/8
  3478 | D:4      | Noticed Eustachio
  3487 | D:4      | Killed Eustachio
  3488 | D:4      | Reached skill level 10 in Long Blades
  3566 | D:4      | You pick up a book of Displacement and begin reading...
  3566 | D:4      | You add the spells Lesser Beckoning, Gell's Gravitas and
                  | Teleport Other to your library.
  4236 | D:4      | Found an opulent altar of Gozag.
  4236 | D:4      | Found a glowing silver altar of Zin.
  4347 | D:5      | Entered Level 5 of the Dungeon
  4645 | D:5      | Reached skill level 11 in Long Blades
  4799 | D:5      | Found a snail-covered altar of Cheibriados.
  5003 | D:5      | Found a sparkling altar of Nemelex Xobeh.
  5250 | D:5      | Found a hide-covered altar of Uskayaw.
  5250 | D:5      | Found a stormy altar of Qazlal.
  5251 | D:5      | Found an iron altar of Okawaru.
  5264 | D:5      | Reached XP level 9. HP: 44/61 MP: 9/9
  5267 | D:5      | Became a worshipper of Warmaster Okawaru
  5553 | D:6      | Learned a level 2 spell: Lesser Beckoning
  5560 | D:6      | Found a transporter.
  5560 | D:6      | Found a white marble altar of Elyvilon.
  5617 | D:6      | Noticed Prince Ribbit
  5622 | D:6      | Killed Prince Ribbit
  5671 | D:6      | Reached skill level 1 in Armour
  5671 | D:6      | Reached skill level 1 in Invocations
  5738 | D:6      | Reached skill level 12 in Long Blades
  5758 | D:6      | Found an ancient bone altar of Kikubaaqudgha.
  5935 | D:6      | Found a transporter.
  6207 | D:6      | Noticed Jeremiah
  6297 | D:6      | HP: 12/50 [Jeremiah/+2 trident of draining (9)]
  6418 | D:6      | Killed Jeremiah
  6418 | D:6      | Reached * piety under Okawaru
  6419 | D:6      | Reached skill level 3 in Fighting
  6419 | D:6      | Reached skill level 2 in Armour
  6419 | D:6      | Reached skill level 2 in Invocations
  6644 | D:6      | Found a runed translucent door.
  6645 | D:6      | Noticed Crazy Yiuf
  6829 | D:6      | Found a shimmering blue altar of Sif Muna.
  7450 | D:7      | You pick up a book of Conjurations and begin reading...
  7450 | D:7      | You add the spells Magic Dart, Searing Ray and Fulminant
                  | Prism to your library.
  7453 | D:7      | Found a staircase to the Ecumenical Temple.
  7464 | D:7      | Reached ** piety under Okawaru
  7520 | D:7      | Noticed a two-headed ogre
  7531 | D:7      | Killed a two-headed ogre
  7532 | D:7      | Reached skill level 4 in Fighting
  7532 | D:7      | Reached skill level 3 in Armour
  7532 | D:7      | Reached skill level 3 in Invocations
  7532 | D:7      | Reached XP level 10. HP: 53/72 MP: 8/12
  7551 | D:7      | Reached skill level 13 in Long Blades
  7996 | D:7      | HP: 18/73 [raiju (7)]
  7997 | D:7      | HP: 6/73 [raiju (7)]
  8000 | D:7      | Slain by a raiju

Vanquished Creatures
  A two-headed ogre (D:7)
  Jeremiah (D:6)
  Grinder (D:3)
  Prince Ribbit (D:6)
  Eustachio (D:4)
  2 ice beasts
  An ogre (D:4)
  A black bear (D:4)
  A crocodile (Sewer)
  2 centaurs
  A phantom (D:5)
  A kobold brigand (D:7)
  3 bullfrogs
  A brain worm (Sewer)
  6 scorpions
  8 wights (D:7)
  A howler monkey (D:4)
  A bombardier beetle (D:5)
  3 orc priests
  9 hounds
  2 jellies
  A sleepcap (D:5)
  2 iguanas
  4 orc wizards
  Natasha (thrice) (D:3)
  5 gnolls
  9 adders
  A river rat (D:3)
  3 dart slugs
  A ribbon worm (D:5)
  12 orcs
  11 ball pythons
  7 endoplasms
  3 giant cockroaches
  8 goblins
  9 hobgoblins
  7 kobolds
  9 quokkas
  15 bats
  7 frilled lizards
  8 rats
173 creatures vanquished.

Table legend:
 A = Non-vault XP
 B = Vault XP
 C = Vault XP percentage of total XP
 D = Non-vault monster count
 E = Vault monster count
 F = Vault count percentage of total count
                 A         B        C        D         E       F
            +---------+---------+-------+---------+---------+-------
      Total |    4382 |    1509 |  25.6 |     151 |      22 |  12.7
            +---------+---------+-------+---------+---------+-------
        D:1 |      53 |       9 |  14.5 |      32 |       5 |  13.5
        D:2 |      56 |       0 |   0.0 |      14 |       0 |   0.0
        D:3 |     333 |     325 |  49.4 |      33 |       4 |  10.8
        D:4 |     671 |     294 |  30.5 |      25 |       4 |  13.8
        D:5 |     581 |       4 |   0.7 |      11 |       1 |   8.3
        D:6 |     826 |     665 |  44.6 |      12 |       2 |  14.3
        D:7 |    1862 |       0 |   0.0 |      24 |       0 |   0.0
      Sewer |       0 |     212 | 100.0 |       0 |       6 | 100.0
            +---------+---------+-------+---------+---------+-------

Skill      XL: |  1  2  3  4  5  6  7  8  9 10 |
---------------+-------------------------------+-----
Long Blades    | 4 6 7 9 11 12 13 | 13.0
Armour         | 3 |  3.4
Invocations    | 3 |  3.1
Fighting       | 4 |  4.4
Throwing       | |  1.7
Dodging        | |  2.6

Action                     |  1- 3 |  4- 6 |  7- 9 | 10-12 || total
---------------------------+-------+-------+-------+-------++-------
  Melee: Dagger            |    84 |    78 |   315 |    30 ||   507
         Long sword        |    91 |    86 |   340 |    32 ||   549
 Invoke: Heroism           |       |       |     2 |       ||     2
  Evoke: Wand              |       |       |     3 |       ||     3
    Use: Scroll            |     2 |     6 |     4 |       ||    12
         Potion            |       |     2 |     3 |     1 ||     6
   Stab: Sleeping          |     1 |     1 |     2 |       ||     4
 Armour: Leather armour    |    58 |    48 |   170 |    20 ||   296
  Dodge: Dodged            |    75 |    57 |   211 |    13 ||   356

Illustrated notes

Table legend:
 A = Kills in this place as a percentage of kills in the entire game.
 B = Kills by you in this place as a percentage of kills by you in the entire game.
 C = Kills by friends in this place as a percentage of kills by friends in the entire game.
 D = Other kills in this place as a percentage of other kills in the entire game.
 E = Experience gained in this place as a percentage of experience gained in the entire game.
 F = Experience gained in this place divided by the number of levels of this place that you have seen.
                   A       B       C       D       E      F
               +-------+-------+-------+-------+-------+----------------------
         Total | 100.0 | 100.0 |   N/A |   N/A | 100.0 | 736.4
       Dungeon |  96.5 |  96.5 |   N/A |   N/A |  96.4 | 811.3
         Sewer |   3.5 |   3.5 |   N/A |   N/A |   3.6 | 212.0
               +-------+-------+-------+-------+-------+----------------------

Table legend: (Time is in decaauts)
 A = Elapsed time spent in this place.
 B = Non-inter-level travel time spent in this place.
 C = Inter-level travel time spent in this place.
 D = Time resting spent in this place.
 E = Time spent auto-exploring this place.
 F = Levels seen in this place.
 G = Mean time per level.
                   A        B        C        D        E       F      G
               +--------+--------+--------+--------+--------+-----+--------+
         Total |   7927 |   7717 |    210 |    154 |   6242 |   8 |  990.9 |
       Dungeon |   7592 |   7382 |    210 |    121 |   6043 |   7 | 1084.6 |
         Sewer |    334 |    334 |      0 |     33 |    199 |   1 |  334.0 |
               +--------+--------+--------+--------+--------+-----+--------+

Top non-repeatable levels by time:
     D:6: 1518 daAuts
     D:3: 1254 daAuts
     D:5: 1245 daAuts
     D:4: 1227 daAuts
     D:1: 945 daAuts
     D:7: 784 daAuts
     D:2: 617 daAuts
   Sewer: 334 daAuts
